 Dungeon Crawl Stone Soup version 0.30-a0-782-ge64f9170bb (webtiles) character file.

Game seed: 12867177879490342999

137 Dirtsage the Chopper (level 5, 41/41 HPs)
             Began as a Demonspawn Fighter on Mar 2, 2023.
             Quit the game on level 3 of the Dungeon.
             The game lasted 00:03:57 (1498 turns).

Dirtsage the Chopper (Demonspawn Fighter)           Turns: 1498, Time: 00:03:58

Health: 41/41      AC:  7    Str: 18    XL:     5   Next: 0%
Magic:  5/5        EV: 14    Int: 10    God:
Gold:   152        SH:  4    Dex: 12    Spells: 4/4 levels left

rFire   . . .      SeeInvis .    a - +0 war axe
rCold   . . .      Faith    .    c - +0 buckler
rNeg    . . .      Spirit   .    b - +0 scale mail
rPois   .          Reflect  .    (helmet restricted)
rElec   .          Harm     .    (no cloak)
rCorr   .          Rampage  .    m - +0 pair of gloves
Will    .....                    (no boots) Stlth
                                 l - amulet of regeneration
HPRegen 1.06/turn                h - +5 ring of evasion
MPRegen 0.09/turn                (no ring)

@: no status effects
A: antennae 2, demonic magic 1
a: no special abilities


You were on level 3 of the Dungeon.
You visited 1 branch of the dungeon, and saw 3 of its levels.

You collected 152 gold pieces.

Inventory:

Hand Weapons
 a - a +0 war axe (weapon)
Armour
 b - a +0 scale mail (worn)
 c - a +0 buckler (worn)
 m - a +0 pair of gloves (worn)
Jewellery
 h - a +5 ring of evasion (left hand)
 l - an amulet of regeneration (around neck)
Scrolls
 e - a scroll of torment {unknown}
 f - 2 scrolls of magic mapping {unknown}
 i - a scroll of enchant armour {unknown}
 j - a scroll of teleportation {unknown}
 o - 3 scrolls of identify {unknown}
 p - a scroll of blinking {unknown}
 r - a scroll of noise {unknown}
Potions
 d - a potion of might
 g - 2 potions of brilliance {unknown}
 k - a potion of mutation {unknown}
 n - a potion of flight {unknown}
 q - a potion of curing
 s - a potion of heal wounds {unknown}


   Skills:
 - Level 3.0 Fighting
 + Level 4.7 Axes
 - Level 2.6 Armour
 - Level 2.6 Shields


You had 4 spell levels left.
You didn't know any spells.
Your spell library contained the following spells:

 Spells                   Type           Power      Damage    Failure   Level
 Animate Armour           Summ/Erth      0%         N/A       100%        4
 Blade Hands              Tmut           0%         N/A       100%        5
 Iron Shot                Conj/Erth      0%         9d1       100%        6


Dungeon Overview and Level Annotations

Branches:
Dungeon (3/15)

Altars:
Qazlal

Annotations:
D:3 Natasha


Innate Abilities, Weirdness & Mutations

You have a pair of antennae on your head.
Spells you cast may paralyse adjacent enemies.


Message History

You kill the ball python!
Health restored: 35 No target in view!
You see here a ball python corpse.
You now have 152 gold pieces (gained 13).
A rat comes into view.
The rat closely misses you.
You barely miss the rat.
The rat twitches its whiskers.
The rat barely misses you.
You hit the rat.
You kill the rat!
No target in view!
No target in view!
An adder comes into view.
The adder hisses angrily.
An adder is nearby!
A goblin comes into view. It is wielding a +0 dagger.
Natasha, Servant of Life and Death comes into view.
Natasha hisses angrily.
The goblin shouts!
The adder bites you but does no damage.
You barely miss the adder.
A jackal comes into view.
The adder closely misses you.
Natasha growls.
Natasha drinks a potion.
Natasha suddenly seems more resistant.
You block the adder's attack.
You completely miss the adder.
The jackal barks!
You hit the goblin.
You kill the goblin!
You hear a shout!
You block the adder's attack.
A jackal comes into view.
You block the adder's attack.
You have reached level 5!
Your demonic ancestry asserts itself...
A menacing aura infuses your magic.
Health restored: 41; MP restored: 5 Are you sure you want to abandon this character and quit the game? (Confirm with "yes".)

..h. ####. .#.
.... ... ##
#... h. #.
#.#.##.# #.# #.
#...... .#.#
####.
#...)S##.....
(....
#...h@......#
.....
.....#?.##.##.#
#. #### #..##.#
#.
###.#...†.##.#
##
..............#
#
####.##..####.#
#. #.# #.###.#
## #..#.# #.#
#.# #. ..#.#
#.###.## #.


You could see Natasha (resistant), an adder and 2 jackals.

Vanquished Creatures
  Terence (D:3)
  Ijyb (D:3)
  4 adders (D:2)
  A dart slug (D:2)
  5 ball pythons
  3 endoplasms
  3 giant cockroaches
  2 goblins (D:3)
  6 hobgoblins
  2 jackals (D:2)
  6 kobolds
  9 bats
  4 frilled lizards
  4 rats
51 creatures vanquished.

Notes
Turn   | Place    | Note
-------+----------+-------------------------------------------
     0 | D:1      | Dirtsage the Demonspawn Fighter began the quest for the
                  | Orb.
     0 | D:1      | Reached XP level 1. HP: 18/18 MP: 1/1
    21 | D:1      | Reached skill level 2 in Axes
   174 | D:1      | Gained mutation: You have a pair of small antennae on your
                  | head. [demonic ancestry]
   174 | D:1      | Reached XP level 2. HP: 24/24 MP: 2/2
   456 | D:2      | Found a stormy altar of Qazlal.
   702 | D:2      | Reached skill level 3 in Axes
   707 | D:2      | Found a faded altar of an unknown god.
   707 | D:2      | Noticed a great orb of eyes
   710 | D:2      | Noticed a shining eye
   714 | D:2      | Noticed a golden eye
   714 | D:2      | Noticed a floating eye
   729 | D:2      | Reached XP level 3. HP: 29/29 MP: 3/3
  1081 | D:2      | Gained mutation: You have a pair of antennae on your head.
                  | [demonic ancestry]
  1081 | D:2      | Reached XP level 4. HP: 35/35 MP: 4/4
  1092 | D:2      | Reached skill level 4 in Axes
  1189 | D:3      | Noticed Terence
  1198 | D:3      | Killed Terence
  1370 | D:3      | Noticed Ijyb
  1386 | D:3      | Killed Ijyb
  1495 | D:3      | Noticed Natasha
  1498 | D:3      | Gained mutation: Spells you cast may paralyse adjacent
                  | enemies. [demonic ancestry]
  1498 | D:3      | Reached XP level 5. HP: 41/41 MP: 5/5
  1498 | D:3      | Quit the game

Illustrated notes

Levels and vault maps discovered:
D:1:      lordsloth_arrival_two_stooges, layout_rooms
D:2:      layout_basic, hellmonk_ecumenical_altar_watching_god, basic_altar,
          dreamdust_mushroom_princess, minmay_misc_feat_doors
D:3:      layout_loops_ring, minmay_diced_spiral, uniq_terence, uniq_natasha,
          uniq_ijyb

Skill      XL: |  1  2  3  4 |
---------------+-------------+-----
Axes           | 2 3 4 |  4.7
Fighting       | |  3.0
Armour         | |  2.6
Shields        | |  2.6

Action                     |  1- 3 |  4- 6 || total
---------------------------+-------+-------++-------
  Melee: War axe           |    80 |    66 ||   146
    Use: Potion            |     1 |       ||     1
 Armour: Scale mail        |    40 |    24 ||    64
  Dodge: Dodged            |    70 |    67 ||   137
  Block: Buckler           |    18 |    14 ||    32

Table legend: (Time is in decaauts)
 A = Elapsed time spent in this place.
 B = Non-inter-level travel time spent in this place.
 C = Inter-level travel time spent in this place.
 D = Time resting spent in this place.
 E = Time spent auto-exploring this place.
 F = Levels seen in this place.
 G = Mean time per level.
                   A        B        C        D        E       F      G
               +--------+--------+--------+--------+--------+-----+--------+
         Total |   1551 |   1517 |     34 |      0 |   1166 |   3 |  517.0 |
       Dungeon |   1551 |   1517 |     34 |      0 |   1166 |   3 |  517.0 |
               +--------+--------+--------+--------+--------+-----+--------+

Top non-repeatable levels by time:
     D:2: 760 daAuts
     D:1: 462 daAuts
     D:3: 329 daAuts
